 Dungeon Crawl Stone Soup version 0.31-a0-986-g5e6e4ef867 (webtiles) character file.

Game seed: 3429162417992768380

192 Getoffmy the Twirler (level 5, -15/41 HPs)
             Began as a Demonspawn Gladiator on Nov 11, 2023.
             Was an Initiate of Makhleb.
             Demolished by an ogre
             ... wielding a +0 giant spiked club
              (17 damage)
             ... on level 4 of the Dungeon.
             The game lasted 00:04:02 (2965 turns).

Getoffmy the Twirler (Demonspawn Gladiator)         Turns: 2965, Time: 00:04:03

Health: -15/41     AC:  4    Str: 16    XL:     5   Next: 42%
Magic:  14/14      EV: 12    Int:  9    God:    Makhleb [......]
Gold:   244        SH:  0    Dex: 15    Spells: 4/4 levels left

rFire   . . .        a - +0 quarterstaff
rCold   . . .        (shield currently unavailable)
rNeg    + . .        b - +0 leather armour
rPois   .            c - +0 helmet
rElec   .            (no cloak)
rCorr   .            (no gloves)
SInv    .            (no boots)
Will    .....        (no amulet)
Stlth   +            k - ring of positive energy
HPRegen 0.26/turn    s - ring of magical power
MPRegen 0.14/turn

%: no passive effects
@: no status effects
A: demonic magic 1
a: Renounce Religion


You were on level 4 of the Dungeon.
You worshipped Makhleb.
Makhleb was noncommittal.
You visited 2 branches of the dungeon, and saw 5 of its levels.

You collected 244 gold pieces.

Inventory:

Hand Weapons
 a - a +0 quarterstaff (weapon)
Missiles
 d - 3 throwing nets (quivered)
 e - a javelin
 g - 17 stones
 v - 5 poisoned darts
Armour
 b - a +0 leather armour (worn)
 c - a +0 helmet (worn)
 q - a +0 plate armour
Jewellery
 k - a ring of positive energy (left hand)
 s - a ring of magical power (right hand)
Talismans
 o - a beast talisman
Wands
 w - a wand of iceblast (5)
Scrolls
 f - a scroll of poison
 h - a scroll of immolation {unknown}
 i - a scroll of identify
 r - a scroll of revelation {unknown}
 t - 2 scrolls of silence {unknown}
 y - a scroll of torment {unknown}
Potions
 j - a potion of mutation {unknown}
 l - a potion of brilliance {unknown}
 m - 4 potions of curing
 n - a potion of attraction {unknown}
 p - a potion of might {unknown}
 u - a potion of enlightenment {unknown}
 x - a potion of degeneration {unknown}
 z - a potion of invisibility {unknown}
 A - a potion of heal wounds {unknown}
 B - a potion of magic {unknown}


   Skills:
 + Level 3.2 Fighting
 * Level 4.4 Staves
 - Level 1.7 Throwing
 + Level 2.1 Armour
 - Level 2.6 Dodging
 + Level 0.1 Invocations


You had 4 spell levels left.
You didn't know any spells.
Your spell library contained the following spells:

 Spells                   Type           Power      Damage    Failure   Level
 Magic Dart               Conj           0%         1d3       45%         1
 Call Imp                 Summ           0%         N/A       58%         2
 Mephitic Cloud           Conj/Pois/Air  0%         N/A       83%         3


Dungeon Overview and Level Annotations

Branches:
Dungeon (4/15)             Temple (1/1) D:4

Altars:
Ashenzari
Cheibriados
Dithmenos
Fedhas
Gozag
Hepliaklqana
Kikubaaqudgha
Makhleb
Nemelex Xobeh
Okawaru
Qazlal
Ru
Sif Muna
Trog
Wu Jian
Xom
Yredelemnul

Annotations:
D:4 3 runed translucent doors


Innate Abilities, Weirdness & Mutations

Spells you cast may paralyse adjacent enemies.


Message History

You hit the ogre.
The ogre is almost dead.
The hobgoblin hits you but does no damage.
You hit the ogre but do no damage.
The ogre is almost dead.
The ogre barely misses you. The hobgoblin barely misses you.
You barely miss the ogre.
The ogre is almost dead.
The ogre misses you. The hobgoblin hits you.
You hit the ogre but do no damage.
The ogre is almost dead.
The hobgoblin hits you but does no damage.
There are monsters nearby!
The ogre attacks as it pursues you! The ogre closely misses you.
The hobgoblin closely misses you. The ogre attacks as it pursues you!
The ogre hits you with a +0 giant spiked club!
There is an open door here.
You hit the hobgoblin but do no damage. The hobgoblin barely misses you.
You hit the hobgoblin.
You kill the hobgoblin!
Makhleb accepts your kill.
The ogre hits you with a +0 giant spiked club!!
* * * LOW HITPOINT WARNING * * *
The ogre closely misses you.
Okay, then.
You hit the ogre.
The ogre is almost dead.
A ball python comes into view.
The ogre hits you with a +0 giant spiked club!
* * * LOW HITPOINT WARNING * * *
The ball python moves out of view.
As you read the scroll labelled QEATEQ LOAMYUN, it crumbles to dust.
It is a scroll of identify.
m - 4 potions of curing The air fills with toxic fumes!
As you read the scroll labelled RIMPIBUJUI, it crumbles to dust.
It was a scroll of poison.
The ogre hits you with a +0 giant spiked club!
You die...

........# ........#
§§§§§§§# ........# ##
#§§§§§§# ........#
..#§§§§§§# ........#
.#§§§§§§# ###.....#
§§§§§§§# ..#.....#
####§§§§§§# ..#.....#
#§§#§§§§§§# ..#.....#
#§§§@§§§§§# ..#.....#
#§§#O§§§§§#
..#.....#####§##§§§§§§#
..#........§§..§§§§§§§#
..#.).....§§...§§§§§§§#
..#......§§...§§§§§§§§#####
..#......§....§§§§§§§§#...#
..###########§##§§§§§§§...#
..<#........#..#......#...#


You could see an ogre.

Vanquished Creatures
  A howler monkey (D:4)
  An iguana (D:4)
  4 adders
  A worm (D:3)
  4 dart slugs
  4 bats
  8 endoplasms
  7 giant cockroaches
  5 goblins
  10 hobgoblins
  3 jackals (D:2)
  6 kobolds
  A quokka (D:3)
  8 ball pythons
  5 frilled lizards
  4 rats
72 creatures vanquished.

Notes
Turn   | Place    | Note
-------+----------+-------------------------------------------
     0 | D:1      | Getoffmy the Demonspawn Gladiator began the quest for the
                  | Orb.
     0 | D:1      | Reached XP level 1. HP: 16/16 MP: 1/1
    76 | D:1      | Reached skill level 3 in Staves
    76 | D:1      | Gained mutation: Spells you cast may paralyse adjacent
                  | enemies. [demonic ancestry]
    76 | D:1      | Reached XP level 2. HP: 20/22 MP: 2/2
   828 | D:2      | Reached skill level 1 in Armour
   828 | D:2      | Reached XP level 3. HP: 11/28 MP: 3/3
  1424 | D:2      | Reached XP level 4. HP: 34/34 MP: 4/4
  2356 | D:3      | Reached skill level 4 in Staves
  2412 | D:4      | Reached XP level 5. HP: 31/41 MP: 5/5
  2679 | D:4      | Found a staircase to the Ecumenical Temple.
  2703 | Temple   | Entered the Ecumenical Temple
  2785 | Temple   | Became a worshipper of Makhleb the Destroyer
  2836 | D:4      | Found a runed translucent gate.
  2836 | D:4      | Found a runed translucent gate.
  2836 | D:4      | Found a runed translucent gate.
  2943 | D:4      | Noticed an ogre
  2963 | D:4      | HP: 1/41 [ogre/+0 giant spiked club (11)]
  2965 | D:4      | Demolished by an ogre

Illustrated notes

Levels and vault maps discovered:
D:1:      dpeg_arrival_solitude, layout_loops_ring, minmay_hexomino_f4
D:2:      layout_basic, minmay_misc_feat_diagonals, nicolae_figureground_sparkle
D:3:      layout_basic, chequers_serial_rivers_marsh
D:4:      layout_gridville, minmay_temple_entry_statues, gammafunk_ghost_icy,
          uniq_crazy_yiuf_cottage
Temple:   mainiacjoe_temple_big_plus

Skill      XL: |  1  2  3  4  5 |
---------------+----------------+-----
Staves         | 3 4 |  4.4
Armour         | 1 2 |  2.1
Fighting       | 3 |  3.2
Throwing       | |  1.7
Dodging        | |  2.6
Invocations    | |  0.1

Action                     |  1- 3 |  4- 6 || total
---------------------------+-------+-------++-------
  Melee: Quarterstaff      |    98 |   118 ||   216
    Use: Scroll            |       |     2 ||     2
   Stab: Sleeping          |     2 |     1 ||     3
 Armour: Leather armour    |    52 |    65 ||   117
  Dodge: Dodged            |    63 |    83 ||   146
         Form:             |     1 |       ||     1
         Beast             |     1 |       ||     1

Table legend: (Time is in decaauts)
 A = Elapsed time spent in this place.
 B = Non-inter-level travel time spent in this place.
 C = Inter-level travel time spent in this place.
 D = Time resting spent in this place.
 E = Time spent auto-exploring this place.
 F = Levels seen in this place.
 G = Mean time per level.
                   A        B        C        D        E       F      G
               +--------+--------+--------+--------+--------+-----+--------+
         Total |   2992 |   2828 |    164 |    100 |   2173 |   5 |  598.4 |
       Dungeon |   2887 |   2825 |     62 |    100 |   2173 |   4 |  721.8 |
        Temple |    104 |      2 |    102 |      0 |      0 |   1 |  104.0 |
               +--------+--------+--------+--------+--------+-----+--------+

Top non-repeatable levels by time:
     D:2: 930 daAuts
     D:1: 802 daAuts
     D:3: 693 daAuts
     D:4: 461 daAuts
  Temple: 104 daAuts
